General information
- name: BNet
- type: Ladder team game (AT/RT)
- host: Battle.net
- saver: Shadow303
map: TwilightRuins
- players: 8
- length: 26:08
- speed: Fast
- version: 1.26 W3XP
- replay type: Public
» download(177 KB)
Players
team 1 (winner)
Liko (
purple | 89 APM | 2339 actions | 26:08)
6 Death Knight
2 Death Coil
3 Unholy Aura
1 Animate Dead
5 Dark Ranger
3 Silence
2 Life Drain
4 Pit Lord
2 Howl of Terror
2 Cleaving Attack
» actions
| Assign group hotkey | 48 | |
| Basic commands | 160 | |
| Build / train | 75 | |
| ESC pressed | 1 | |
| Enter build submenu | 25 | |
| Enter hero's abilities submenu | 15 | |
| Give item / drop item | 8 | |
| Right click | 712 | |
| Select / deselect | 503 | |
| Select group hotkey | 669 | |
| Use ability | 123 | |
2339 total
» units
| Acolyte | 7 | |
| Ghoul | 3 | |
| Crypt Fiend | 12 | |
| Goblin Zeppelin | 3 | |
| Frost Wyrm | 3 | |
28 total
» upgrades
| Burrow | 1 | |
| Web | 1 | |
| Creature Carapace | 1 | |
3 total
» buildings
| Graveyard | 1 | |
| Crypt | 2 | |
| Altar of Darkness | 1 | |
| Ziggurat | 8 | |
| Tomb of Relics | 1 | |
| Halls of the Dead | 1 | |
| Black Citadel | 1 | |
| Necropolis | 1 | |
| Sacrificial Pit | 1 | |
| Nerubian Tower | 2 | |
| Boneyard | 1 | |
20 total
» build order
00:15 Graveyard
00:22 Crypt
00:28 Altar of Darkness
00:53 Ziggurat
01:23 Tomb of Relics
03:10 Ziggurat
04:55 Halls of the Dead
05:53 Ziggurat
05:59 Crypt
07:24 Black Citadel
07:28 Necropolis
13:12 Ziggurat
13:27 Ziggurat
13:32 Sacrificial Pit
14:10 Nerubian Tower
14:24 Nerubian Tower
20:28 Ziggurat
22:29 Boneyard
23:42 Ziggurat
23:44 Ziggurat
» items
| Rod of Necromancy | 1 | |
| Sacrificial Skull | 3 | |
| Potion of Healing | 3 | |
| Potion of Mana | 1 | |
| Orb of Corruption | 5 | |
| Boots of Speed | 1 | |
| Scroll of Town Portal | 3 | |
| Potion of Lesser Invulnerability | 1 | |
18 total

»
28YearOldVirgin (
orange | 14 APM | 367 actions | 26:08)
» actions
| Basic commands | 7 | |
| Enter build submenu | 6 | |
| Right click | 25 | |
| Select / deselect | 319 | |
| Use ability | 8 | |
367 total
» buildings
» build order
00:32 Ancient of Wonders
00:33 Ancient of Wonders
00:34 Ancient of Wonders
00:37 Ancient of Wonders
00:38 Ancient of Wonders
Newport. (
yellow | 32 APM | 834 actions | 26:08)
6 Demon Hunter
3 Mana Burn
2 Evasion
1 Metamorphosis
6 Pandaren Brewmaster
3 Breath of Fire
2 Drunken Haze
1 Storm Earth and Fire
4 Pit Lord
3 Howl of Terror
1 Cleaving Attack
» actions
| Assign group hotkey | 9 | |
| Basic commands | 5 | |
| Build / train | 64 | |
| Enter build submenu | 14 | |
| Enter hero's abilities submenu | 16 | |
| Give item / drop item | 6 | |
| Remove unit from queue | 5 | |
| Right click | 367 | |
| Select / deselect | 266 | |
| Select group hotkey | 20 | |
| Use ability | 62 | |
834 total
» units
» upgrades
| Improved Bows | 1 | |
| Marksmanship | 1 | |
| Strength of the Moon | 1 | |
| Strength of the Wild | 2 | |
| Well Spring | 1 | |
| Reinforced Hides | 2 | |
8 total
» buildings
| Altar of Elders | 1 | |
| Moon Well | 6 | |
| Ancient of War | 1 | |
| Tree of Ages | 1 | |
| Ancient of Wonders | 1 | |
| Hunter's Hall | 1 | |
| Tree of Eternity | 1 | |
| Ancient of Lore | 2 | |
14 total
» build order
00:08 Altar of Elders
00:18 Moon Well
01:22 Ancient of War
01:29 Moon Well
03:22 Tree of Ages
04:03 Moon Well
05:09 Moon Well
05:15 Ancient of Wonders
05:33 Hunter's Hall
06:18 Tree of Eternity
09:02 Ancient of Lore
09:08 Ancient of Lore
11:12 Moon Well
13:35 Moon Well
» items
| Rod of Necromancy | 1 | |
| Staff of Preservation | 1 | |
| Orb of Venom | 1 | |
| Scroll of Town Portal | 4 | |
| Potion of Healing | 1 | |
8 total

»
never.win.never (
green | 74 APM | 1922 actions | 26:08)
6 Warden
3 Shadow Strike
2 Blink
1 Spirit of Vengeance
» actions
| Assign group hotkey | 34 | |
| Build / train | 119 | |
| Enter build submenu | 30 | |
| Enter hero's abilities submenu | 6 | |
| Give item / drop item | 3 | |
| Remove unit from queue | 7 | |
| Right click | 632 | |
| Select / deselect | 317 | |
| Select group hotkey | 722 | |
| Use ability | 52 | |
1922 total
» units
| Wisp | 49 | |
| Huntress | 8 | |
| Hippogryph | 17 | |
| Chimaera | 11 | |
85 total
» upgrades
| Strength of the Wild | 3 | |
| Strength of the Moon | 1 | |
| Moon Armor | 1 | |
| Reinforced Hides | 3 | |
| Corrosive Breath | 1 | |
| Well Spring | 1 | |
10 total
» buildings
| Moon Well | 9 | |
| Hunter's Hall | 1 | |
| Altar of Elders | 1 | |
| Ancient of War | 2 | |
| Ancient of Wonders | 1 | |
| Tree of Life | 3 | |
| Tree of Ages | 1 | |
| Tree of Eternity | 1 | |
| Ancient of Wind | 3 | |
| Ancient Protector | 4 | |
| Chimaera Roost | 3 | |
29 total
» build order
00:24 Moon Well
01:31 Hunter's Hall
01:47 Altar of Elders
01:55 Ancient of War
02:13 Moon Well
02:50 Ancient of War
02:59 Ancient of Wonders
03:17 Moon Well
05:14 Tree of Life
05:21 Moon Well
05:23 Tree of Ages
06:25 Moon Well
08:41 Tree of Eternity
09:05 Ancient of Wind
09:13 Moon Well
09:27 Ancient Protector
09:31 Ancient Protector
09:59 Ancient Protector
10:21 Ancient Protector
11:18 Ancient of Wind
11:22 Chimaera Roost
11:25 Chimaera Roost
11:39 Chimaera Roost
11:59 Moon Well
12:00 Moon Well
12:07 Ancient of Wind
13:51 Moon Well
16:44 Tree of Life
21:33 Tree of Life
» items
| Boots of Speed | 1 | |
| Potion of Lesser Invulnerability | 3 | |
| Dust of Appearance | 1 | |
| Orb of Venom | 1 | |
| Scroll of Town Portal | 1 | |
7 total
team 2 (loser)

»
Glourt (
red | 45 APM | 1139 actions | 25:10)
5 Blademaster
3 Wind Walk
2 Critical Strike
2 Firelord
1 Summon Lava Spawn
1 Soul Burn
» actions
| Assign group hotkey | 10 | |
| Basic commands | 7 | |
| Build / train | 59 | |
| Enter build submenu | 14 | |
| Enter hero's abilities submenu | 7 | |
| Give item / drop item | 1 | |
| Right click | 613 | |
| Select / deselect | 326 | |
| Select group hotkey | 12 | |
| Use ability | 90 | |
1139 total
» units
| Peon | 7 | |
| Grunt | 3 | |
| Raider | 18 | |
| Goblin Shredder | 1 | |
29 total
» upgrades
| Melee Weapons | 3 | |
| Armor | 2 | |
| Ensnare | 1 | |
| Pillage | 1 | |
7 total
» buildings
| Altar of Storms | 1 | |
| Orc Burrow | 6 | |
| Barracks | 1 | |
| Voodoo Lounge | 1 | |
| War Mill | 1 | |
| Stronghold | 1 | |
| Beastiary | 2 | |
| Fortress | 1 | |
14 total
» build order
00:11 Altar of Storms
00:15 Orc Burrow
00:31 Barracks
01:30 Voodoo Lounge
02:02 Orc Burrow
03:01 War Mill
03:19 Stronghold
06:05 Beastiary
06:10 Beastiary
06:32 Fortress
06:47 Orc Burrow
09:31 Orc Burrow
09:33 Orc Burrow
12:34 Orc Burrow
» items
| Healing Salve | 5 | |
| Lesser Clarity Potion | 2 | |
| Orb of Lightning | 1 | |
| Scroll of Town Portal | 2 | |
| Potion of Healing | 1 | |
| Boots of Speed | 1 | |
12 total

»
Shadow303 (
blue | 67 APM | 1762 actions | 26:08)
6 Mountain King
3 Storm Bolt
2 Bash
1 Avatar
» actions
| Assign group hotkey | 4 | |
| Basic commands | 98 | |
| Build / train | 86 | |
| ESC pressed | 7 | |
| Enter build submenu | 16 | |
| Enter hero's abilities submenu | 6 | |
| Give item / drop item | 5 | |
| Remove unit from queue | 1 | |
| Right click | 1196 | |
| Select / deselect | 256 | |
| Select group hotkey | 13 | |
| Use ability | 74 | |
1762 total
» units
| Peasant | 19 | |
| Footman | 8 | |
| Knight | 8 | |
| Rifleman | 8 | |
43 total
» upgrades
| Masonry | 3 | |
| Lumber Harvesting | 2 | |
| Plating | 3 | |
| Backpack | 1 | |
| Swords | 1 | |
| Animal War Training | 1 | |
| Long Rifles | 1 | |
| Gunpowder | 2 | |
| Armor | 2 | |
16 total
» buildings
| Farm | 8 | |
| Barracks | 5 | |
| Altar of Kings | 1 | |
| Lumber Mill | 1 | |
| Scout Tower | 1 | |
| Arcane Tower | 1 | |
| Keep | 1 | |
| Arcane Vault | 1 | |
| Castle | 1 | |
| Blacksmith | 1 | |
| Town Hall | 1 | |
22 total
» build order
00:09 Farm
00:11 Farm
00:23 Barracks
00:27 Altar of Kings
02:45 Lumber Mill
03:14 Scout Tower
03:31 Farm
03:45 Arcane Tower
04:50 Barracks
04:55 Farm
05:31 Keep
05:35 Arcane Vault
08:51 Castle
08:56 Blacksmith
11:46 Town Hall
12:00 Farm
12:01 Farm
19:09 Barracks
19:10 Barracks
19:14 Barracks
19:23 Farm
19:23 Farm
» items
| Boots of Speed | 2 | |
| Potion of Lesser Invulnerability | 1 | |
| Dust of Appearance | 1 | |
| Scroll of Regeneration | 2 | |
| Scroll of Town Portal | 6 | |
| Orb of Fire | 1 | |
| Potion of Mana | 1 | |
| Potion of Healing | 2 | |
16 total
I_LIVE_and_ObEY (
teal | 59 APM | 1540 actions | 26:08)
5 Shadow Hunter
2 Hex
2 Healing Wave
1 Serpent Ward
» actions
| Basic commands | 108 | |
| Build / train | 58 | |
| ESC pressed | 2 | |
| Enter build submenu | 22 | |
| Enter hero's abilities submenu | 7 | |
| Right click | 1003 | |
| Select / deselect | 302 | |
| Use ability | 38 | |
1540 total
» units
» upgrades
| Ranged Weapons | 3 | |
| Envenomed Spears | 1 | |
| Spiked Barricades | 1 | |
| Armor | 2 | |
| Reinforced Defenses | 1 | |
8 total
» buildings
| Stronghold | 1 | |
| Orc Burrow | 9 | |
| Beastiary | 2 | |
| Altar of Storms | 1 | |
| War Mill | 1 | |
| Fortress | 1 | |
| Watch Tower | 2 | |
17 total
» build order
00:37 Stronghold
01:14 Orc Burrow
03:47 Beastiary
03:53 Beastiary
04:06 Altar of Storms
04:30 Orc Burrow
05:07 War Mill
05:23 Orc Burrow
06:24 Orc Burrow
08:56 Orc Burrow
09:01 Orc Burrow
10:30 Fortress
10:34 Watch Tower
10:40 Orc Burrow
12:26 Watch Tower
15:18 Orc Burrow
15:23 Orc Burrow
» items
thegooseman666 (
pink | 21 APM | 531 actions | 25:15)
3 Firelord
2 Summon Lava Spawn
1 Incinerate
» actions
| Basic commands | 23 | |
| Build / train | 72 | |
| Enter build submenu | 25 | |
| Enter hero's abilities submenu | 3 | |
| Right click | 124 | |
| Select / deselect | 234 | |
| Use ability | 50 | |
531 total
» units
| Wisp | 26 | |
| Archer | 9 | |
| Druid of the Claw | 8 | |
| Dryad | 11 | |
| Hippogryph | 4 | |
58 total
» upgrades
| Strength of the Wild | 3 | |
| Reinforced Hides | 2 | |
| Druid of the Claw Training | 2 | |
| Mark of the Claw | 1 | |
8 total
» buildings
| Altar of Elders | 1 | |
| Moon Well | 9 | |
| Ancient of War | 1 | |
| Ancient of Wonders | 1 | |
| Hunter's Hall | 1 | |
| Tree of Ages | 1 | |
| Ancient Protector | 8 | |
| Tree of Life | 1 | |
| Ancient of Lore | 2 | |
| Tree of Eternity | 1 | |
| Ancient of Wind | 1 | |
27 total
» build order
00:17 Altar of Elders
00:22 Moon Well
01:19 Ancient of War
02:28 Moon Well
02:39 Moon Well
03:00 Ancient of Wonders
03:53 Hunter's Hall
04:40 Tree of Ages
05:02 Moon Well
06:02 Ancient Protector
08:05 Tree of Life
08:11 Ancient of Lore
08:41 Ancient of Lore
08:50 Ancient Protector
09:01 Tree of Eternity
10:18 Moon Well
11:28 Moon Well
13:00 Moon Well
14:58 Moon Well
17:01 Moon Well
17:08 Ancient of Wind
19:12 Ancient Protector
19:17 Ancient Protector
19:23 Ancient Protector
19:28 Ancient Protector
19:41 Ancient Protector
19:46 Ancient Protector
Chat log
(00:35 / Allies) Shadow303: hi
(00:38 / Allies) Shadow303: mass rifles here
(00:41 / Allies) thegooseman666: sup
(00:42 / Allies) I_LIVE_and_ObEY: going wyverns
(00:45 / Allies) I_LIVE_and_ObEY: just letting yah'l lknow
(00:51 / Allies) I_LIVE_and_ObEY: i'm upgrading to stronghold already
(01:01 / Allies) Shadow303: might as well feed you then
(01:02 / Allies) Glourt: nice
(01:04 / Allies) Glourt: ....
(01:09 / Allies) Shadow303: those air are very weak without the ups
(01:18 / Allies) Shadow303: then I'm going footies then
(01:22 / Allies) I_LIVE_and_ObEY: ok
(01:24 / Allies) I_LIVE_and_ObEY: do u booboo
(01:24 / Allies) Shadow303: to give wood for the air
(01:41 / Allies) Shadow303: what hero are you getting teal?
(01:47 / Allies) I_LIVE_and_ObEY: bm
(01:47 / Allies) Glourt: nm
(01:50 / Allies) Shadow303: maybe to do some hex-bolt combo?
(01:50 / Allies) Glourt: bm
(01:56 / Allies) Glourt: ya]
(01:59 / Allies) I_LIVE_and_ObEY: tauren then?
(02:05 / Allies) Glourt: no
(02:07 / Allies) Shadow303: go with the air
(02:07 / Allies) I_LIVE_and_ObEY: ojk
(02:08 / Allies) Shadow303: winds
(02:13 / Allies) Shadow303: mk it is then
(02:20 / Allies) Shadow303: my hero goes with teal
(02:25 / Allies) Shadow303: when possible
(02:29 / Allies) Shadow303: you hex first
(02:32 / Allies) Shadow303: I bolt second
(02:32 / Allies) I_LIVE_and_ObEY: ok
(03:28 / Allies) I_LIVE_and_ObEY: need some wood plz
(03:30 / Allies) I_LIVE_and_ObEY: if u can spare
(03:32 / Allies) Glourt: good herp pink
(03:35 / Allies) I_LIVE_and_ObEY: like fifty
(03:38 / Allies) I_LIVE_and_ObEY: thanks
(03:41 / Allies) Shadow303: keep the extra wood
(03:42 / Allies) Shadow303: for yourself
(03:49 / Allies) Glourt: same
(04:57 / All) 28YearOldVirgin: think he's maphacking?
(05:59 / Allies) Glourt: ty for help
(06:01 / Allies) Glourt: ...
(06:03 / Allies) I_LIVE_and_ObEY: thanks man
(06:16 / Allies) Glourt: ty
(06:18 / Allies) I_LIVE_and_ObEY: brthere
(07:15 / Allies) Shadow303: want a boot
(07:16 / Allies) Shadow303: for mk
(07:22 / Allies) Shadow303: oops
(08:17 / Allies) Shadow303: hex dk
(08:42 / Allies) I_LIVE_and_ObEY: no mana
(09:22 / Allies) Glourt: ty
(09:43 / Allies) Glourt: bo
(10:01 / Allies) I_LIVE_and_ObEY: u get that
(11:00 / Allies) Shadow303: hex
(11:01 / Allies) Shadow303: wow
(11:05 / Allies) I_LIVE_and_ObEY: mno mana
(11:31 / All) 28YearOldVirgin: lol
(11:33 / Allies) Shadow303: hex dk
(11:33 / Allies) Glourt: pink fuck off
(11:35 / Allies) Glourt: lol
(11:41 / All) 28YearOldVirgin: rape and a half
(12:40 / Allies) I_LIVE_and_ObEY: where r they
(12:42 / Allies) I_LIVE_and_ObEY: i'm going to hararss
(12:46 / Allies) Glourt: lets hit main
(12:57 / Allies) Shadow303: wait
(13:27 / Allies) Glourt: \im going toi main
(13:36 / Allies) Glourt: pink fuck off
(14:49 / Allies) Glourt: go hit teal
(15:15 / Allies) Shadow303: follow me
(15:16 / Allies) Shadow303: sh
(15:24 / Allies) Shadow303: and buy tp
(15:25 / Allies) Shadow303: now
(15:38 / Allies) Shadow303: buy tp
(15:40 / Allies) Shadow303: what the heck
(15:48 / Allies) Shadow303: teal!
(15:53 / Allies) I_LIVE_and_ObEY: wat
(15:53 / Allies) Shadow303: kay buy here
(15:54 / Allies) I_LIVE_and_ObEY: tp fro wehere
(15:58 / Allies) I_LIVE_and_ObEY: ok
(16:04 / Allies) Glourt: you guys suck cock
(16:12 / Allies) Shadow303: trying to go with teal here
(16:16 / Allies) I_LIVE_and_ObEY: gow
(16:18 / Allies) Shadow303: shouldn'rt have went alone
(16:18 / Allies) I_LIVE_and_ObEY: lets go
(16:19 / Allies) I_LIVE_and_ObEY: wtf
(17:07 / Allies) Glourt: get your head out of your asses when we attack you guys attack
(17:33 / Allies) Shadow303: tp NOW
(17:38 / Allies) Shadow303: all tp
(18:46 / All) Shadow303: my stupid fault
(18:48 / All) Shadow303: had 2k
(20:07 / Allies) Shadow303: i tp
(20:08 / Allies) Shadow303: asap
(20:42 / Allies) Shadow303: give me gold
(20:42 / Allies) Shadow303: now
(20:44 / Allies) Shadow303: for tps
(21:02 / Allies) Shadow303: all tp now>?
(21:07 / Allies) Glourt: blue you suck
(21:07 / Allies) I_LIVE_and_ObEY: naw
(21:09 / Allies) I_LIVE_and_ObEY: gone
(21:15 / Allies) Glourt: no tp
(21:15 / Allies) Shadow303: i can tp
(21:23 / Allies) Glourt: tp
(21:27 / Allies) Shadow303: kay
(22:50 / Allies) Glourt: i dont evenm know what the fuck you guys are doing
(23:07 / All) Shadow303: gg
(23:09 / All) Shadow303: we lost
(23:12 / All) 28YearOldVirgin: pwnt
(23:14 / All) Shadow303: never going mk again
(23:15 / Allies) Glourt: dont leave
(23:17 / All) 28YearOldVirgin: 3v4 lol
(23:23 / Allies) Glourt: you guys suck
(23:23 / All) Liko: lol
(23:26 / Allies) Shadow303: you suppose to hex heroes
(23:29 / Allies) Shadow303: heroes that have tp
(23:34 / Allies) Shadow303: and you let them get away
(23:36 / Allies) I_LIVE_and_ObEY: i tried
(23:38 / Allies) I_LIVE_and_ObEY: mana always done
(23:47 / Allies) Shadow303: should have recharged mana
(23:48 / Allies) Shadow303: then
(24:13 / Allies) Shadow303: usually get pall
(24:14 / Allies) Shadow303: not mk
(24:55 / All) I_LIVE_and_ObEY: GG
(24:57 / Allies) Shadow303: that was also stupid
(24:58 / All) I_LIVE_and_ObEY: i didn't know nigga
(24:59 / Allies) I_LIVE_and_ObEY: stfu
(25:05 / Allies) Shadow303: hipps are aa
(25:17 / All) Shadow303: lack of co-op
(25:21 / All) Shadow303: and stupi team
(25:22 / All) Shadow303: i had
(25:23 / All) Liko: 3v4
(25:24 / All) 28YearOldVirgin: lol 3v4 losers
(25:29 / All) I_LIVE_and_ObEY: gg
(25:30 / All) Shadow303: that's all the problem was really
(25:31 / All) I_LIVE_and_ObEY: i'm elaving
(25:33 / Allies) I_LIVE_and_ObEY: okay
(25:38 / All) Liko: #v4
(25:40 / All) Liko: 3v4
(25:43 / All) Liko: man
(25:46 / All) Liko: f'n oj
(25:51 / All) Shadow303: I went mk for teal air
(26:01 / All) Shadow303: but I got dumbed
(26:04 / All) Shadow303: dumped
(26:05 / All) Liko: ud king of rt